 Dungeon Crawl Stone Soup version 0.31.0-1-g2c135a008e (webtiles) character file.

Game seed: 4725128168443090655

490 qw the Shooter (level 7, -4/53 HPs)
             Began as a Djinni Hunter on Jan 24, 2024.
             Killed from afar by an acid dragon (25 damage)
             ... with a splash of acid
             ... on level 5 of the Dungeon.
             The game lasted 00:00:14 (3289 turns).

qw the Shooter (Djinni Hunter)                      Turns: 3289, Time: 00:00:15

Health: -4/53      AC:  1    Str: 10    XL:     7   Next: 36%
Gold:   125        EV: 14    Int: 11    God:
                   SH:  0    Dex: 18

rFire   + + .        a - +0 shortbow (drain)
rCold   x . .        (shield currently unavailable)
rNeg    . . .        i - +2 robe {Will+}
rPois   inf          (no helmet)
rElec   .            c - +0 cloak
rCorr   .            (no gloves)
SInv    .            (boots unavailable)
Will    ++...        (no amulet)
Stlth   ++           b - ring of willpower
HPRegen 0.28/turn    (no ring)
MPRegen 0.00/turn

%: infuse magic (-5 HP)
@: corroded, flying
A: sickness immunity, fire resistance 2, cold vulnerability 1, float, innate
caster, HP casting, extra vitality 1
a: no special abilities


You were on level 5 of the Dungeon.
You visited 1 branch of the dungeon, and saw 5 of its levels.

You collected 231 gold pieces.
You spent 106 gold pieces at shops.


Innate Abilities, Weirdness & Mutations

You are immune to sickness and miasma.
You are immune to poison.
Your flesh is very heat resistant. (rF++)
You are vulnerable to cold. (rC-)
You float through the air rather than walking.
You learn spells naturally, not from books.
Your magical power is your life essence.
You have superior vitality. (+4 MHP)


   Skills:
 - Level 4.6 Fighting
 + Level 5.3 Ranged Weapons
 - Level 4.1 Dodging
 - Level 0.7 Stealth


You knew the following spells:

 Your Spells              Type           Power      Damage    Failure   Level
a - Shock                 Conj/Air       0%         1d3       34%         1
b - Lesser Beckoning      Tloc           0%         N/A       47%         2
c - Scorch                Fire           0%         2d5       47%         2
Your spell library was empty.

Inventory:

Hand Weapons
 a - a +0 shortbow of draining (weapon)
Armour
 c - a +0 cloak (worn)
 i - a +2 robe of willpower (worn)
Jewellery
 b - a ring of willpower (left hand)
Wands
 d - a wand of flame (16)
 h - a wand of charming (6)
Potions
 e - a potion of resistance
 f - a potion of cancellation
 g - 4 potions of curing
 j - a potion of haste

Dungeon Overview and Level Annotations

Branches:
Dungeon (5/15)
 Temple: D:4-7

Altars:
Gozag
Makhleb
Trog
Yredelemnul

Shops:
D:2 (!?(   D:3 *


Message History

You kill the quokka!
Things that are here:
a +0 club; a +0 chain mail An acid dragon comes into view.
Enter note: You shoot an arrow.
The arrow hits the acid dragon but does no damage.
The acid dragon roars!
The acid dragon spits acid at you. The splash of acid hits you!
The acid corrodes you!
You shoot an arrow.
The arrow hits the acid dragon but does no damage.
You drain the acid dragon.
The acid dragon is lightly wounded.
You shoot an arrow.
The arrow hits the acid dragon but does no damage.
The acid dragon is lightly wounded.
The acid dragon barely misses you. The acid dragon claws you.
You shoot an arrow.
The arrow hits the acid dragon but does no damage.
You drain the acid dragon.
The acid dragon is moderately wounded.
The acid dragon bites you! The acid dragon closely misses you.
You shoot an arrow.
The arrow hits the acid dragon but does no damage.
The acid dragon is moderately wounded.
The acid dragon closely misses you. x2; The acid dragon bites you.
The acid dragon claws you.
You shoot an arrow.
The arrow hits the acid dragon but does no damage.
You drain the acid dragon.
The acid dragon is moderately wounded.
The acid dragon bites you. The acid dragon barely misses you.
You shoot an arrow.
The arrow hits the acid dragon but does no damage.
You drain the acid dragon.
The acid dragon is heavily wounded.
The acid dragon spits acid at you. The splash of acid hits you!!
You die...

...##### .. .. ##
......##.# #....######
###...#.#..# #..#.......
....#.#...# #..#.......
#.........# #.. .......
.......#..####.##.......
................@D......
#.%..)...........#......
#...>..#..##.....# .....
..)....#...#.#...# ....
.............#...# ###
..#########..#...# .##
##.#...# .# ##...##
.######### #...#


You could see an acid dragon (catching breath, very drained).

Vanquished Creatures
  A black bear (D:5)
  2 scorpions (D:3)
  An orc priest (D:5)
  Ijyb (D:5)
  2 orc wizards (D:3)
  7 adders
  5 ribbon worms
  17 orcs
  6 ball pythons
  6 bats
  10 endoplasms
  A giant cockroach (D:3)
  5 goblins
  3 hobgoblins
  6 kobolds
  6 quokkas
  A frilled lizard (D:1)
  6 rats
86 creatures vanquished.

Notes
Turn   | Place    | Note
-------+----------+-------------------------------------------
     0 | D:1      | qw the Djinni Hunter began the quest for the Orb.
     0 | D:1      | Reached XP level 1. HP: 18/18 MP: 0/0
     0 | D:1      | 0 ||| qw: Version: 0.3-a-136-gdd3b4e8
     0 | D:1      | 0 ||| qw: Game counter: 1217
     0 | D:1      | 0 ||| qw: Melee chars always use a shield: true
     0 | D:1      | 0 ||| qw: God list: Okawaru
     0 | D:1      | 0 ||| qw: Allow faded altars: false
     0 | D:1      | 0 ||| qw: Do Orc after clearing Dungeon:15 true
     0 | D:1      | 0 ||| qw: Do second Lair branch before Depths: true
     0 | D:1      | 0 ||| qw: Lair rune preference: random
     0 | D:1      | 0 ||| qw: Goals: Normal
     0 | D:1      | 0 ||| PLANNING D:1-11
   137 | D:1      | Reached XP level 2. HP: 23/23 MP: 0/0
   710 | D:1      | Reached XP level 3. HP: 28/28 MP: 0/0
   710 | D:1      | Learned a level 1 spell: Shock
   783 | D:1      | 783 ||| UPGRADING to +2 robe of willpower.
   793 | D:1      | 793 ||| DROPPING +0 leather armour.
   794 | D:1      | 794 ||| READING scroll labelled NAUDAF VICHIU.
   794 | D:1      | 794 ||| IDENTIFYING lumpy brown potion
   795 | D:1      | 795 ||| READING scroll labelled QAISKUBR BAR POV.
   796 | D:1      | 796 ||| READING scroll labelled ZAET QOCLECO.
   897 | D:1      | 897 ||| DROPPING scroll of butterflies.
   918 | D:2      | Found Itiur's Magic Scroll Boutique.
   935 | D:2      | Reached skill level 4 in Ranged Weapons
   958 | D:2      | 958 ||| BUYING scroll of identify (28 gold).
   958 | D:2      | Bought a scroll of identify for 28 gold pieces
   958 | D:2      | 958 ||| SHOPLISTING scroll of identify (28 gold, have 16).
  1009 | D:2      | Found Ovafamm's Antique Weapon Shop.
  1093 | D:2      | Reached XP level 4. HP: 34/34 MP: 0/0
  1147 | D:2      | Found Ehathrene's Distillery.
  1155 | D:2      | 1155 ||| SHOPLISTING 2 potions of might (112 gold, have
                  | 27).
  1155 | D:2      | 1155 ||| SHOPLISTING potion of curing (42 gold, have 27).
  1155 | D:2      | 1155 ||| SHOPLISTING potion of enlightenment (70 gold, have
                  | 27).
  1155 | D:2      | 1155 ||| SHOPLISTING potion of heal wounds (70 gold, have
                  | 27).
  1155 | D:2      | 1155 ||| SHOPLISTING potion of mutation (112 gold, have
                  | 27).
  1155 | D:2      | 1155 ||| SHOPLISTING potion of resistance (140 gold, have
                  | 27).
  1200 | D:2      | Reached skill level 3 in Fighting
  1275 | D:2      | Found Dydop's Weapon Boutique.
  1359 | D:2      | 1359 ||| SHOPLISTING +2 orcbow of flaming (237 gold, have
                  | 54).
  1510 | D:2      | 1510 ||| UPGRADING to +0 cloak.
  1515 | D:2      | 1515 ||| READING 3 scrolls of identify.
  1515 | D:2      | 1515 ||| IDENTIFYING bubbling green potion
  1516 | D:2      | 1516 ||| READING 2 scrolls of identify.
  1516 | D:2      | 1516 ||| IDENTIFYING red potion
  1517 | D:2      | 1517 ||| READING scroll of identify.
  1517 | D:2      | 1517 ||| IDENTIFYING coppery potion
  1518 | D:2      | 1518 ||| READING scroll labelled XATUSHR COURGHUN.
  1519 | D:2      | 1519 ||| READING scroll labelled WUIGELOPNO.
  1519 | D:2      | 1519 ||| BRANDING +0 shortbow.
  1520 | D:2      | 1520 ||| READING scroll labelled CAUBAUHETT.
  1524 | D:2      | 1524 ||| DROPPING potion of attraction.
  1550 | D:3      | Noticed a scorpion
  1555 | D:3      | Killed a scorpion
  1556 | D:3      | Reached skill level 3 in Dodging
  1556 | D:3      | Reached XP level 5. HP: 39/40 MP: 0/0
  1556 | D:3      | Learned a level 2 spell: Lesser Beckoning
  1564 | D:3      | Found a bloodstained altar of Trog.
  1708 | D:3      | Found Ogyxon's General Store.
  1718 | D:3      | 1718 ||| SHOPLISTING +3 Mad Mage's Maulers {Infuse+∞ VampMP
                  | -Cast} (520 gold, have 93).
  1718 | D:3      | 1718 ||| BUYING 2 potions of curing (78 gold).
  1718 | D:3      | Bought 2 potions of curing for 78 gold pieces
  1718 | D:3      | 1718 ||| SHOPLISTING ring of Febutwij {Fire rPois Will++
                  | Dex+2} (707 gold, have 15).
  1748 | D:3      | HP: 9/40 [something/magic dart (5)]
  1801 | D:3      | 1801 ||| FLEEEEING.
  1819 | D:3      | 1819 ||| FLEEEEING.
  1909 | D:3      | Reached XP level 6. HP: 46/46 MP: 0/0
  1946 | D:3      | Reached skill level 5 in Ranged Weapons
  2135 | D:3      | Found a faded altar of an unknown god.
  2250 | D:3      | 2250 ||| UPGRADING to ring of willpower.
  2251 | D:3      | 2251 ||| READING scroll of identify.
  2251 | D:3      | 2251 ||| IDENTIFYING glowing sapphire potion
  2252 | D:3      | 2252 ||| DRINKING 3 purple potions.
  2253 | D:3      | 2253 ||| DROPPING 2 potions of brilliance.
  2274 | D:4      | Found an opulent altar of Gozag.
  2284 | D:4      | Found a burning altar of Makhleb.
  2455 | D:4      | Found a basalt altar of Yredelemnul.
  3102 | D:4      | 3102 ||| READING 2 scrolls of identify.
  3102 | D:4      | 3102 ||| IDENTIFYING fuming pink potion
  3103 | D:4      | 3103 ||| READING scroll of identify.
  3103 | D:4      | 3103 ||| IDENTIFYING scroll labelled YDAXYL ENKOL
  3104 | D:4      | 3104 ||| READING scroll labelled ZAGERU VARE.
  3105 | D:4      | 3105 ||| DROPPING scroll of immolation.
  3106 | D:4      | 3106 ||| DROPPING potion of lignification.
  3127 | D:5      | Entered Level 5 of the Dungeon
  3127 | D:5      | Noticed a black bear
  3135 | D:5      | Killed a black bear
  3136 | D:5      | Reached XP level 7. HP: 44/53 MP: 0/0
  3136 | D:5      | Learned a level 2 spell: Scorch
  3239 | D:5      | Noticed Ijyb
  3247 | D:5      | Killed Ijyb
  3282 | D:5      | Noticed an acid dragon
  3289 | D:5      | Killed from afar by an acid dragon

Levels and vault maps discovered:
D:1:      erik_arrival_orb_chamber, layout_basic, hangedman_decor_push
D:2:      layout_loops_cross, serial_shops, nicolae_shop_waterfront,
          shop_statue, nicolae_shop_pleasant_corner_grove, shop
D:3:      layout_loops_cross, trog_three_pillars_becter, serial_shops, shop,
          chequers_ecumenical_altar_twisty, nicolae_wormholes
D:4:      layout_gridville, lemuel_coloured_pillars_altar,
          grunt_temple_overflow_open, chequers_decorated_corner
D:5:      layout_rooms, minmay_temple_entry_glassed_door, uniq_ijyb, uniq_edmund

Skill      XL: |  1  2  3  4  5  6  7 |
---------------+----------------------+-----
Ranged Weapons | 4 5 |  5.3
Fighting       | 3 4 |  4.6
Dodging        | 3 4 |  4.1
Stealth        | |  0.7

Action                     |  1- 3 |  4- 6 |  7- 9 || total
---------------------------+-------+-------+-------++-------
   Fire: Shortbow          |    80 |   186 |    35 ||   301
    Use: Scroll            |     3 |    10 |       ||    13
         Potion            |       |     1 |       ||     1
 Armour: Leather armour    |     7 |       |       ||     7
         Robe              |    13 |    31 |     9 ||    53
  Dodge: Dodged            |    27 |    50 |     9 ||    86

Table legend:
 A = Non-vault XP
 B = Vault XP
 C = Vault XP percentage of total XP
 D = Non-vault monster count
 E = Vault monster count
 F = Vault count percentage of total count
                 A         B        C        D         E       F
            +---------+---------+-------+---------+---------+-------
      Total |     646 |      54 |   7.7 |      82 |       4 |   4.7
            +---------+---------+-------+---------+---------+-------
        D:1 |      29 |       0 |   0.0 |      16 |       0 |   0.0
        D:2 |      65 |       0 |   0.0 |      11 |       0 |   0.0
        D:3 |     284 |       8 |   2.7 |      28 |       2 |   6.7
        D:4 |      83 |       5 |   5.7 |      20 |       1 |   4.8
        D:5 |     185 |      41 |  18.1 |       7 |       1 |  12.5
            +---------+---------+-------+---------+---------+-------
